 Dungeon Crawl Stone Soup version 0.25-a0-589-g1e14c549ee (webtiles) character file.

Game seed: 6493603649016836193, levelgen mode: deterministic

3188 EriolAelfwine the Fighter (level 9, -3/82 HPs)
             Began as a Minotaur Berserker on Mar 11, 2020.
             Was an Elder of Trog.
             Slain by a two-headed ogre
             ... wielding the +9 dire flail of Urgency {vorpal, Str+3 Int-5 Dex+9 Stlth-}
              (21 damage)
             ... on level 7 of the Dungeon.
             The game lasted 00:25:40 (6783 turns).

EriolAelfwine the Fighter (Minotaur Berserker)      Turns: 6783, Time: 00:25:42

Health: -3/82      AC:  9    Str: 24    XL:     9   Next: 64%
Magic:  8/8        EV:  6    Int:  5    God:    Trog [****..]
Gold:   461        SH: 15    Dex:  5    Spells: 8/8 levels left

rFire    + . .     SeeInvis .   s - +2 whip of Furinlen {elec, rElec MR++ Dex-5}
rCold    + . .     Gourm    .   m - +0 tower shield
rNeg     . . .     Faith    .   q - +0 scale mail {rC+}
rPois    .         Spirit   .   f - +1 hat
rElec    +         Reflect  .   (no cloak)
rCorr    .         Harm     .   (no gloves)
MR       ++++.                  (no boots)
Stlth    ..........             h - amulet of regeneration
HPRegen  1.63/turn              b - +4 ring of slaying
MPRegen  0.11/turn              v - ring of protection from fire

@: about to teleport, berserk cooldown, regenerating, slowed, very slow
A: retaliatory headbutt, horns 2
a: Berserk, Trog's Hand, Brothers in Arms, Renounce Religion


You were on level 7 of the Dungeon.
You worshipped Trog.
Trog was greatly pleased with you.
You were very hungry.

You visited 2 branches of the dungeon, and saw 8 of its levels.
You also visited: Ossuary.

You collected 461 gold pieces.

Inventory:

Hand Weapons
 r - a +1 vorpal hand axe
 s - the +2 whip of Furinlen (weapon) {elec, rElec MR++ Dex-5}
   (You found it on level 4 of the Dungeon)

   Occasionally, upon striking a foe, it will discharge some electrical energy
   and cause terrible harm.
   It affects your dexterity (-5).
   It insulates you from electricity.
   It affects your resistance to hostile enchantments.
Missiles
 e - 31 poisoned darts (quivered)
Armour
 f - a +1 hat (worn)
 m - a +0 tower shield (worn)
 q - a +0 scale mail of cold resistance (worn)
 w - a +0 plate armour
Jewellery
 b - a +4 ring of slaying (left hand)
 h - an amulet of regeneration (around neck)
 n - a +4 amulet of reflection {unknown}
 v - a ring of protection from fire (right hand)
 E - an uncursed ring of see invisible
Scrolls
 d - 6 scrolls of teleportation
 g - 2 scrolls of enchant weapon
 o - a scroll of immolation
 p - 5 scrolls of remove curse
 B - a scroll of enchant armour
Potions
 a - 5 potions of might
 i - 4 potions of brilliance
 j - 2 potions of heal wounds
 k - 2 potions of lignification
 t - 2 potions of resistance
 u - 3 potions of flight
 x - a potion of mutation {unknown}
 A - a potion of cancellation {unknown}
 C - a potion of stabbing {unknown}
 D - 3 potions of curing
 F - a potion of berserk rage {unknown}
 G - 2 potions of haste {unknown}
Comestibles
 c - 16 rations
 l - 2 chunks of flesh


   Skills:
 + Level 8.6 Fighting
 - Level 7.2(9.1) Axes
 * Level 8.6(9.8) Maces & Flails
 + Level 8.1 Armour
 - Level 2.1 Dodging
 + Level 5.0 Shields


You had 8 spell levels left.
You didn't know any spells.
Your spell library was empty.

Dungeon Overview and Level Annotations

Branches:
Dungeon (7/15)             Temple (1/1) D:7         Ossuary (visited)

Altars:
Ashenzari
Cheibriados
Dithmenos
Elyvilon
Fedhas
Gozag
Hepliaklqana
Kikubaaqudgha
Makhleb
Nemelex Xobeh
Okawaru
Qazlal
Ru
Sif Muna
Trog
Uskayaw
Vehumet
Wu Jian
Xom
Yredelemnul
Zin
The Shining One

Shops:
D:5 :

Annotations:
D:7 1 transporter, Caun's ghost, novice HOFi


Innate Abilities, Weirdness & Mutations

You reflexively headbutt those who attack you in melee.
You have a pair of horns on your head.


Message History

You feel your anger nearly subside.
You are no longer berserk.
You are exhausted.
You feel yourself slow down.
There is a transporter landing site here.
You hit the two-headed ogre.
The two-headed ogre is lightly wounded.
The two-headed ogre hits you with the +9 dire flail of Urgency {vorpal, Str+3 Int-5 Dex+9 Stlth-}!!
The two-headed ogre hits you with the +1 great mace of Accidental Termination {elec, +Blink}.
Your shield and scale mail prevent you from hitting the two-headed ogre.
The two-headed ogre is lightly wounded.
The two-headed ogre hits you with the +9 dire flail of Urgency {vorpal, Str+3 Int-5 Dex+9 Stlth-}!!
The two-headed ogre hits you with the +1 great mace of Accidental Termination {elec, +Blink}!
* * * LOW HITPOINT WARNING * * *
As you read the scroll of teleportation, it crumbles to dust.
You feel strangely unstable. You block Caun's ghost's attack.
The ogre barely misses you.
Caun's ghost hits you but does no damage.
You block the two-headed ogre's attack.
The two-headed ogre hits you with the +1 great mace of Accidental Termination {elec, +Blink}!!
You die...

#.####....###.#####†#
#..|.$.©.©..........#
#.#############.....#
###©(..?)!....#####.#
#.#..#.#..#.#...#.#
#..##...##..#...#.##
######..##.O.##..#......#
#....#.#..#O#..#.#...#..#
#.####....W@O....#...#..#
#.################.###..#
#.#..........#,.........#
#.#.#.####...#*#.######.#
#.#.#.# ##### #.* #.#
#.#.#.# #,* #.# #.....#
**+** #.# ###...# **,,,**
#.#### ###.## **,,,,,**
#.....


You could see a two-headed ogre, 2 ogres and Caun's ghost.

Vanquished Creatures
  Pikel (D:7)
  A hornet (D:7)
  A water moccasin (D:6)
  A slave (D:7)
  Duvessa (D:4)
  3 phantoms
  An ogre (D:6)
  A necrophage (D:7)
  2 centaurs
  A big kobold (D:7)
  Blork the orc (D:5)
  2 bullfrogs (D:7)
  Dowan (D:4)
  A water moccasin zombie (Ossuary)
  2 wyvern skeletons
  7 killer bees (D:7)
  A howler monkey (D:4)
  2 hounds
  2 bullfrog skeletons
  A centaur skeleton (D:4)
  2 orc priests
  3 iguanas
  4 orc wizards
  8 worker ants
  A hound zombie (D:7)
  A hound skeleton (D:4)
  2 mummies (Ossuary)
  Robin (D:2)
  4 gnolls (D:7)
  13 adders
  2 oozes
  3 adder skeletons
  5 adder zombies (Ossuary)
  4 worms
  A dart slug (D:1)
  5 leopard geckos
  14 orcs
  2 ball pythons (D:3)
  9 bats
  6 giant cockroaches
  15 hobgoblins
  10 jackals
  12 kobolds
  4 quokkas
  3 frilled lizards
  2 gnoll zombies (Ossuary)
  17 goblins
  A hobgoblin zombie (Ossuary)
  4 kobold zombies (Ossuary)
  A leopard gecko skeleton (D:4)
  5 orc zombies (Ossuary)
  5 rats
202 creatures vanquished.

Notes
Turn   | Place    | Note
-------+----------+-------------------------------------------
     0 | D:1      | EriolAelfwine the Minotaur Berserker began the quest for
                  | the Orb.
     0 | D:1      | Reached XP level 1. HP: 19/19 MP: 0/0
   224 | D:1      | Found an iron altar of Okawaru.
   339 | D:1      | Reached XP level 2. HP: 22/27 MP: 1/1
   904 | D:2      | Reached XP level 3. HP: 25/33 MP: 2/2
  1040 | D:2      | Noticed Robin
  1077 | D:2      | Killed Robin
  1077 | D:2      | Reached ** piety under Trog
  1097 | D:2      | Reached XP level 4. HP: 20/41 MP: 3/3
  2271 | D:3      | Reached skill level 5 in Axes
  2314 | D:3      | Reached *** piety under Trog
  2457 | D:3      | Reached XP level 5. HP: 45/47 MP: 4/4
  2660 | D:3      | Reached skill level 5 in Fighting
  3329 | D:4      | Noticed a phantom
  3332 | D:4      | Noticed Duvessa
  3344 | D:3      | Killed a phantom
  3344 | D:3      | Reached XP level 6. HP: 56/56 MP: 5/5
  3355 | D:4      | Noticed Dowan
  3363 | D:4      | Killed Duvessa
  3363 | D:4      | Reached skill level 5 in Armour
  3365 | D:4      | Killed Dowan
  3383 | D:4      | Reached XP level 7. HP: 51/62 MP: 6/6
  3385 | D:4      | Reached **** piety under Trog
  3456 | D:4      | Got a slimy whip
  3457 | D:4      | Identified the +2 whip of Furinlen {elec, rElec MR++ Dex-5}
                  | (You found it on level 4 of the Dungeon)
  3564 | D:4      | Reached skill level 1 in Maces & Flails
  3756 | D:4      | Found a shimmering altar of Xom.
  3885 | D:5      | Entered Level 5 of the Dungeon
  4335 | D:5      | Reached XP level 8. HP: 71/71 MP: 7/7
  4347 | D:5      | Noticed Blork the orc
  4348 | D:5      | Found Dozaom's Book Shop.
  4360 | D:5      | Killed Blork the orc
  4823 | D:6      | Reached skill level 1 in Shields
  4969 | D:6      | Reached skill level 5 in Maces & Flails
  5523 | D:7      | Found a sand-covered staircase.
  5532 | Ossuary  | Entered an ossuary
  5612 | Ossuary  | Reached ***** piety under Trog
  5612 | Ossuary  | Received a gift from Trog
  5618 | Ossuary  | Got a dazzling glaive {god gift}
  5626 | Ossuary  | Identified the +5 glaive of Mysticism {flame, Dex+4} (Trog
                  | gifted it to you in an ossuary)
  5805 | D:7      | Noticed Pikel
  5815 | D:7      | Killed Pikel
  5815 | D:7      | Reached XP level 9. HP: 81/81 MP: 8/8
  6097 | D:7      | Noticed Caun's ghost (novice HOFi)
  6099 | D:7      | Found a transporter.
  6267 | D:7      | Found a staircase to the Ecumenical Temple.
  6285 | Temple   | Entered the Ecumenical Temple
  6571 | D:7      | Reached skill level 5 in Shields
  6733 | D:7      | Identified the +9 dire flail of Urgency {vorpal, Str+3
                  | Int-5 Dex+9 Stlth-}
  6733 | D:7      | Identified the +1 great mace of Accidental Termination
                  | {elec, +Blink}
  6733 | D:7      | Noticed a two-headed ogre
  6736 | D:7      | Found a transporter.
  6783 | D:7      | Slain by a two-headed ogre

Levels and vault maps discovered:
D:1:      psy_arrival_statuary, layout_loops_ring, okawaru_ov_weapons_minmay
D:2:      layout_loops_ring, chequers_serial_rivers_micro_e, uniq_robin
D:3:      layout_loops_corners, guppyfry_early_orc_mine
D:4:      layout_cave_pools, kennysheep_little_box, uniq_duvessa
D:5:      layout_loops_ring, first_ration, serial_shops, shop, nrook_uturn,
          uniq_blork_the_orc
D:6:      layout_gridville, st_stairs_14
D:7:      layout_loops_corners, minmay_temple_entry_overgrown,
          gammafunk_ghost_smash, chequers_ossuary_entry_cave, uniq_pikel
Temple:   nicolae_temple_the_god_donut

Skill      XL: |  1  2  3  4  5  6  7  8  9 |
---------------+----------------------------+-----
Fighting       | 4 5 6 8 |  8.6
Axes           | 4 5 6 7 |  7.2
Armour         | 3 4 5 6 7 8 |  8.1
Maces & Flails | 3 7 8 |  8.6
Shields        | 4 5 |  5.0
Dodging        | |  2.1

Action                   |  1- 3 |  4- 6 |  7- 9 || total
-------------------------+-------+-------+-------++-------
Melee: Hand axe          |    87 |   129 |    11 ||   227
       Headbutt          |     9 |    24 |    48 ||    81
       Whip              |       |       |   270 ||   270
Invok: Berserk           |     1 |       |     3 ||     4
       Trog's Hand       |       |       |     2 ||     2
  Use: Scroll            |       |       |    20 ||    20
  Eat: Chunk             |     2 |     5 |    15 ||    22
Armor: Animal skin       |     9 |       |       ||     9
       Scale mail        |    15 |     3 |    34 ||    52
       Chain mail        |       |    49 |    48 ||    97
Dodge: Dodged            |    57 |    62 |    46 ||   165
Block: Tower shield      |       |       |   113 ||   113

Table legend:
 A = Non-vault XP
 B = Vault XP
 C = Vault XP percentage of total XP
 D = Non-vault monster count
 E = Vault monster count
 F = Vault count percentage of total count
                 A         B        C        D         E       F
            +---------+---------+-------+---------+---------+-------
      Total |    3393 |    1162 |  25.5 |     157 |      44 |  21.9
            +---------+---------+-------+---------+---------+-------
        D:1 |      40 |       0 |   0.0 |      22 |       0 |   0.0
        D:2 |      82 |      35 |  29.9 |      27 |      12 |  30.8
        D:3 |     284 |      16 |   5.3 |      24 |       7 |  22.6
        D:4 |     525 |     211 |  28.7 |      21 |       2 |   8.7
        D:5 |     268 |      91 |  25.3 |      10 |       1 |   9.1
        D:6 |     720 |      74 |   9.3 |      17 |       1 |   5.6
        D:7 |    1474 |     586 |  28.4 |      36 |       1 |   2.7
    Ossuary |       0 |     149 | 100.0 |       0 |      20 | 100.0
            +---------+---------+-------+---------+---------+-------
